 Dungeon Crawl Stone Soup version 0.26.0-45-g9c1d065592 (webtiles) character file.

Game seed: 4540138380837461755

1062 kaeus the Sneak (level 8, 0/54 HPs)
             Began as an Octopode Fighter on Jan 29, 2021.
             Slain by a water moccasin (9 damage)
             ... on level 6 of the Dungeon.
             The game lasted 00:04:28 (4601 turns).

kaeus the Sneak (Octopode Fighter)                  Turns: 4601, Time: 00:04:29

Health: 0/54       AC:  1    Str: 14 (15) XL:     8   Next: 27%
Magic:  8/8        EV: 14    Int: 10      God:
Gold:   352        SH: 10    Dex: 20      Spells: 7/7 levels left

rFire    . . .     SeeInvis .   t - +1 short sword (speed)
rCold    . . .     Faith    .   b - +0 kite shield
rNeg     + . .     Spirit   .   (helmet restricted)
rPois    .         Reflect  .   i - amulet of the acrobat
rElec    .         Harm     .   w - +6 ring of dexterity
rCorr    .         Rampage  .   x - ring of positive energy (curse)
Will     .....                  (no ring)
Stlth    +++++.....             (no ring)
HPRegen  0.18/turn              (no ring)
MPRegen  0.11/turn              (no ring)
                                (no ring)
                                (no ring)

@: no status effects
A: almost no armour, stealthy swim, amphibious, 8 rings, constrict 8, camouflage
1, gelatinous body 1
a: no special abilities


You were on level 6 of the Dungeon.
You visited 1 branch of the dungeon, and saw 6 of its levels.

You collected 352 gold pieces.

Inventory:

Hand Weapons
 t - a +1 short sword of speed (weapon)
Missiles
 s - 17 poisoned darts
Armour
 b - a +0 kite shield (worn)
Magical Staves
 u - an uncursed staff of death
Jewellery
 i - an amulet of the acrobat (around mantle)
 w - a +6 ring of dexterity (left tentacle)
 x - a cursed ring of positive energy (right tentacle)
Wands
 n - a wand of digging (5)
Scrolls
 a - 2 scrolls of blinking {unknown}
 d - 4 scrolls of teleportation {unknown}
 f - 2 scrolls of fear {unknown}
 j - 4 scrolls of identify {unknown}
 m - a scroll of enchant armour {unknown}
 q - a scroll of fog {unknown}
 y - a scroll of acquirement {unknown}
 B - a scroll of enchant weapon {unknown}
Potions
 c - 3 potions of might
 e - a potion of attraction {unknown}
 g - 2 potions of degeneration
 h - a potion of magic
 k - a potion of mutation {unknown}
 l - a potion of cancellation {unknown}
 o - a potion of flight
 p - 2 potions of haste
 r - a potion of heal wounds {unknown}
 v - a potion of lignification {unknown}
 z - a potion of berserk rage {unknown}
 A - a potion of curing
 C - a potion of brilliance {unknown}


   Skills:
 + Level 4.8 Fighting
 + Level 4.2 Short Blades
 + Level 4.7 Dodging
 * Level 7.7 Stealth
 + Level 4.8 Shields


You had 7 spell levels left.
You didn't know any spells.
Your spell library contained the following spells:

 Spells                   Type           Power        Failure   Level
 Shock                    Conj/Air       0%           80%         1


Dungeon Overview and Level Annotations

Branches:
Dungeon (6/15)
 Temple: D:4-7

Altars:
Ashenzari
Gozag
Hepliaklqana
Nemelex Xobeh
Qazlal
Sif Muna
Trog
Vehumet
Wu Jian


Innate Abilities, Weirdness & Mutations

You cannot wear most types of armour.
You are very stealthy in the water. (Stealth+)
You are amphibious.
You can wear up to eight rings at the same time.
You can use your tentacles to constrict eight enemies at once.
Your skin changes colour to match your surroundings (Stealth+).
Your rubbery body absorbs attacks. (AC +1, EV +1)


Message History

You take 4 damage, and have 15/54 hp.
You release your grip on the water moccasin.
* * * LOW HITPOINT WARNING * * *
You feel very sick.
You take 3 damage, and have 12/54 hp.
* * * LOW HITPOINT WARNING * * *
You feel sick. The water moccasin bites you!
* * * LOW HITPOINT WARNING * * *
You take 8 damage, and have 4/54 hp.
You feel better. The water moccasin barely misses you.
You regained 5 hp, and now have 9/54 hp.
Your shield prevents you from hitting the water moccasin.
Your grab misses the water moccasin.
The water moccasin is heavily wounded.
The water moccasin bites you but does no damage.
You hit the water moccasin but do no damage.
Your grab misses the water moccasin.
The water moccasin is heavily wounded.
The water moccasin bites you!
You die...

.....................#.#
.#.....................#
.###........#........# .
##.......#...<...## .
#.............##..# .
#......#.?....#. ....
........####.s#..... ..
.......## ##.##.###
..##..##.####..#@.##
..#...........sS...#
....##.#.##...##.).....
... #....###.......
#....# ..#.##. #..<.#
....# ....... ....#
...... ....# ..#


You could see a water moccasin and a scorpion.

Vanquished Creatures
  2 sky beasts (D:5)
  An ice beast (D:5)
  A bullfrog (D:6)
  A howler monkey (D:4)
  3 hounds (D:4)
  4 bullfrog skeletons
  Terence (D:3)
  4 orc wizards
  5 worker ants
  5 gnolls
  7 adders
  A shadow imp (D:6)
  An ooze (D:5)
  4 worms
  A dart slug (D:2)
  6 leopard geckos
  11 orcs
  7 giant cockroaches
  9 goblins
  8 hobgoblins
  3 jackals
  7 bats
  6 frilled lizards
  3 kobolds
  A leopard gecko skeleton (D:4)
  6 rats
108 creatures vanquished.

Notes
Turn   | Place    | Note
-------+----------+-------------------------------------------
     0 | D:1      | kaeus the Octopode Fighter began the quest for the Orb.
     0 | D:1      | Reached XP level 1. HP: 16/16 MP: 1/1
   218 | D:1      | Reached skill level 1 in Stealth
   226 | D:1      | Reached XP level 2. HP: 21/21 MP: 2/2
   609 | D:2      | Reached skill level 2 in Stealth
   626 | D:2      | Reached XP level 3. HP: 24/26 MP: 3/3
   688 | D:2      | Reached XP level 4. HP: 30/31 MP: 4/4
   873 | D:2      | Reached skill level 3 in Stealth
  1080 | D:2      | Found a faded altar of an unknown god.
  1337 | D:2      | Found an opulent altar of Gozag.
  1377 | D:3      | Noticed Terence
  1384 | D:3      | Killed Terence
  1436 | D:3      | Reached XP level 5. HP: 28/36 MP: 5/5
  2157 | D:4      | Reached skill level 4 in Stealth
  2343 | D:4      | Reached XP level 6. HP: 43/43 MP: 6/6
  2565 | D:4      | Reached skill level 5 in Stealth
  2715 | D:4      | Reached XP level 7. HP: 22/48 MP: 7/7
  3086 | D:5      | Entered Level 5 of the Dungeon
  3124 | D:5      | Found a shimmering blue altar of Sif Muna.
  3124 | D:5      | Found a radiant altar of Vehumet.
  3176 | D:5      | Reached skill level 6 in Stealth
  3394 | D:5      | Noticed a water elemental
  3396 | D:5      | Found a broken altar of Ashenzari.
  3396 | D:5      | Found a stormy altar of Qazlal.
  3398 | D:5      | Noticed a fire elemental
  3398 | D:5      | Noticed an air elemental
  3408 | D:5      | Found an ornate altar of the Wu Jian Council.
  3408 | D:5      | Found a bloodstained altar of Trog.
  3687 | D:5      | Found a sparkling altar of Nemelex Xobeh.
  3716 | D:5      | Found a hazy altar of Hepliaklqana.
  4215 | D:5      | Reached skill level 7 in Stealth
  4238 | D:5      | Reached XP level 8. HP: 28/54 MP: 8/8
  4498 | D:5      | Identified Sif Muna's Grimoire of Weightlessness
  4601 | D:6      | Slain by a water moccasin

Illustrated notes

Levels and vault maps discovered:
D:1:      scummos_arrival_gate, layout_rooms, minmay_misc_feat_pillars
D:2:      layout_rooms, lemuel_round_altar, chequers_ecumenical_altar_twisty,
          dk_vineyard_2
D:3:      layout_rooms, uniq_terence
D:4:      minmay_chambers_of_threes, layout_basic
D:5:      minmay_goblin_kobold_castle, layout_loops_ring,
          nicolae_qazlal_style_of_elements, led_sif_book,
          general_overflow_altar, nicolae_overflow_crystal_walls,
          grunt_temple_overflow_open
D:6:      layout_cave_pools

Skill      XL: |  1  2  3  4  5  6  7 |
---------------+----------------------+-----
Stealth        | 1 2 3 4 5 7 |  7.7
Short Blades   | 3 4 |  4.2
Fighting       | 4 |  4.8
Dodging        | 4 |  4.7
Shields        | 4 |  4.8

Action                   |  1- 3 |  4- 6 |  7- 9 || total
-------------------------+-------+-------+-------++-------
Melee: Rapier            |    35 |    45 |       ||    80
       Tentacles         |     3 |    24 |    26 ||    53
       Constrict         |     7 |    28 |    21 ||    56
       Short sword       |       |    66 |   119 ||   185
  Use: Potion            |       |       |     6 ||     6
 Stab: Sleeping          |    12 |    15 |     6 ||    33
Armor: Skin              |     1 |     2 |     2 ||     5
Dodge: Dodged            |     9 |    38 |    54 ||   101
Block: Kite shield       |    14 |    41 |    52 ||   107
